General information
			
			
        
        - name: BNet
 
        - type: Ladder team game (AT/RT)
 
        - host: Battle.net
 
        - saver: iggy_the_fisk
 
        
map: SilverpineForest 
        - players: 6
 
        - length: 39:19
 
        - speed: Fast
 - version: 1.22 W3XP
 - replay type:  

 
» download(272 KB)
Players
        team 1 (winner) 
              
              
Iceberg-Slim (
green | 110 APM | 4330 actions | 39:18)
              
 6 Demon Hunter 
 3 Mana Burn
 2 Evasion
 1 Metamorphosis
 4 Beastmaster 
 2 Summon Quilbeast
 2 Summon Hawk
 
                » actions 
                
                | Assign group hotkey | 37 |  | 
| Basic commands | 176 |  | 
| Build / train | 110 |  | 
| ESC pressed | 2 |  | 
| Enter build submenu | 28 |  | 
| Enter hero's abilities submenu | 10 |  | 
| Give item / drop item | 2 |  | 
| Remove unit from queue | 12 |  | 
| Right click | 2395 |  | 
| Select / deselect | 676 |  | 
| Select group hotkey | 741 |  | 
| Use ability | 141 |  | 
                4330 total
 » units 
                
                | Wisp | 47 |  | 
| Archer | 7 |  | 
| Huntress | 3 |  | 
| Dryad | 6 |  | 
| Druid of the Claw | 3 |  | 
                66 total
 » upgrades
                
                | Improved Bows | 1 |  | 
| Druid of the Claw Training | 2 |  | 
| Abolish Magic | 1 |  | 
| Nature's Blessing | 1 |  | 
| Ultravision | 0 |  | 
| Well Spring | 1 |  | 
| Mark of the Claw | 1 |  | 
                7 total
 » buildings
                
                | Altar of Elders | 2 |  | 
| Moon Well | 9 |  | 
| Ancient of War | 1 |  | 
| Ancient of Wonders | 1 |  | 
| Tree of Ages | 1 |  | 
| Hunter's Hall | 1 |  | 
| Ancient of Lore | 2 |  | 
| Tree of Eternity | 1 |  | 
| Tree of Life | 12 |  | 
                30 total
 » build order
                00:05 Altar of Elders
00:19 Moon Well
01:06 Ancient of War
01:28 Moon Well
01:46 Ancient of Wonders
02:20 Moon Well
03:28 Tree of Ages
04:31 Hunter's Hall
04:33 Moon Well
05:42 Moon Well
06:22 Ancient of Lore
10:17 Moon Well
10:52 Tree of Eternity
11:36 Ancient of Lore
13:06 Tree of Life
18:19 Tree of Life
22:30 Tree of Life
22:42 Tree of Life
26:00 Tree of Life
26:36 Moon Well
28:08 Tree of Life
29:09 Altar of Elders
30:19 Moon Well
34:25 Tree of Life
34:29 Tree of Life
36:01 Tree of Life
36:04 Moon Well
38:00 Tree of Life
38:09 Tree of Life
38:33 Tree of Life
» items
                
                | Boots of Speed | 1 |  | 
| Scroll of Town Portal | 3 |  | 
| Staff of Preservation | 1 |  | 
| Potion of Healing | 1 |  | 
| Orb of Venom | 1 |  | 
| Staff of Teleportation | 2 |  | 
| Healing Salve | 1 |  | 
| Periapt of Vitality | 1 |  | 
                11 total
  
               
              
              
» 
iggy_the_fisk (
yellow | 99 APM | 3881 actions | 39:19)
              
 6 Mountain King 
 3 Storm Bolt
 2 Bash
 1 Avatar
 
                » actions 
                
                | Assign group hotkey | 382 |  | 
| Basic commands | 26 |  | 
| Build / train | 182 |  | 
| Enter build submenu | 95 |  | 
| Enter hero's abilities submenu | 6 |  | 
| Give item / drop item | 1 |  | 
| Remove unit from queue | 1 |  | 
| Right click | 1963 |  | 
| Select / deselect | 662 |  | 
| Select group hotkey | 343 |  | 
| Use ability | 220 |  | 
                3881 total
 » units 
                
                | Peasant | 51 |  | 
| Footman | 12 |  | 
| Gryphon Rider | 11 |  | 
| Dragonhawk Rider | 1 |  | 
                75 total
 » upgrades
                
                | Defend | 1 |  | 
| Masonry | 3 |  | 
| Lumber Harvesting | 1 |  | 
| Storm Hammers | 1 |  | 
| Swords | 1 |  | 
| Armor | 1 |  | 
| Cloud | 1 |  | 
                9 total
 » buildings
                
                | Altar of Kings | 2 |  | 
| Barracks | 3 |  | 
| Farm | 8 |  | 
| Scout Tower | 62 |  | 
| Lumber Mill | 1 |  | 
| Arcane Tower | 5 |  | 
| Arcane Vault | 3 |  | 
| Town Hall | 4 |  | 
| Guard Tower | 58 |  | 
| Keep | 4 |  | 
| Castle | 1 |  | 
| Gryphon Aviary | 1 |  | 
| Arcane Sanctum | 1 |  | 
| Blacksmith | 1 |  | 
                154 total
 » build order
                00:05 Altar of Kings
00:20 Barracks
00:24 Farm
01:02 Farm
01:29 Farm
02:31 Scout Tower
02:49 Lumber Mill
03:09 Arcane Tower
03:10 Arcane Tower
03:10 Arcane Tower
03:10 Arcane Tower
03:45 Arcane Vault
03:48 Scout Tower
04:02 Town Hall
04:35 Arcane Vault
07:35 Arcane Vault
09:09 Altar of Kings
10:08 Scout Tower
10:10 Scout Tower
10:29 Scout Tower
10:34 Guard Tower
10:34 Guard Tower
10:37 Scout Tower
10:39 Guard Tower
10:40 Guard Tower
10:40 Guard Tower
10:43 Scout Tower
10:59 Scout Tower
11:04 Guard Tower
11:06 Scout Tower
11:10 Guard Tower
11:29 Guard Tower
11:57 Town Hall
12:02 Guard Tower
12:02 Guard Tower
12:06 Scout Tower
12:16 Arcane Tower
12:23 Scout Tower
12:35 Scout Tower
12:43 Guard Tower
12:43 Guard Tower
12:44 Guard Tower
12:59 Guard Tower
13:00 Scout Tower
13:20 Keep
13:20 Keep
13:20 Keep
13:35 Guard Tower
13:38 Scout Tower
14:19 Guard Tower
14:21 Guard Tower
14:56 Scout Tower
15:23 Scout Tower
15:26 Guard Tower
15:27 Scout Tower
15:44 Castle
15:59 Guard Tower
16:00 Scout Tower
16:22 Scout Tower
16:26 Guard Tower
16:26 Guard Tower
16:26 Guard Tower
16:36 Guard Tower
16:59 Guard Tower
17:00 Scout Tower
17:19 Scout Tower
17:42 Guard Tower
17:45 Scout Tower
17:50 Gryphon Aviary
18:01 Guard Tower
18:33 Scout Tower
18:34 Scout Tower
18:52 Scout Tower
18:53 Scout Tower
18:57 Scout Tower
18:57 Scout Tower
19:16 Guard Tower
19:54 Guard Tower
19:55 Scout Tower
20:31 Guard Tower
20:43 Guard Tower
21:48 Farm
22:26 Scout Tower
22:34 Farm
22:47 Scout Tower
22:49 Scout Tower
22:59 Town Hall
23:58 Guard Tower
24:00 Scout Tower
24:01 Scout Tower
24:05 Guard Tower
24:06 Scout Tower
24:07 Scout Tower
25:06 Guard Tower
25:06 Guard Tower
25:07 Guard Tower
25:25 Guard Tower
25:27 Scout Tower
25:29 Scout Tower
26:02 Guard Tower
26:06 Scout Tower
26:08 Farm
26:10 Farm
26:37 Guard Tower
28:00 Scout Tower
28:40 Guard Tower
28:45 Town Hall
28:47 Scout Tower
28:48 Scout Tower
29:03 Scout Tower
29:04 Scout Tower
29:07 Scout Tower
29:09 Scout Tower
29:18 Guard Tower
29:39 Guard Tower
29:40 Guard Tower
29:52 Guard Tower
29:54 Scout Tower
30:09 Guard Tower
30:10 Scout Tower
30:12 Scout Tower
30:33 Guard Tower
30:39 Guard Tower
31:11 Guard Tower
31:14 Scout Tower
34:35 Arcane Sanctum
35:40 Scout Tower
35:41 Scout Tower
35:42 Scout Tower
36:26 Guard Tower
36:28 Scout Tower
36:29 Scout Tower
36:56 Blacksmith
36:58 Barracks
37:01 Barracks
37:04 Guard Tower
37:04 Scout Tower
37:06 Scout Tower
37:07 Scout Tower
37:08 Scout Tower
37:57 Guard Tower
38:00 Guard Tower
38:01 Guard Tower
38:16 Farm
38:26 Scout Tower
38:27 Scout Tower
39:17 Guard Tower
39:17 Guard Tower
39:18 Guard Tower
39:18 Scout Tower
» items
                
                | Scroll of Regeneration | 8 |  | 
| Lesser Clarity Potion | 2 |  | 
| Periapt of Vitality | 1 |  | 
| Boots of Speed | 1 |  | 
| Staff of Teleportation | 2 |  | 
| Potion of Healing | 1 |  | 
| Scroll of Town Portal | 5 |  | 
| Staff of Sanctuary | 1 |  | 
                21 total
  
               
              
              
» 
timg4strOK (
pink | 102 APM | 3994 actions | 39:18)
              
 7 Far Seer 
 3 Feral Spirit
 3 Chain Lighting
 1 Earth Quake
 5 Tauren Chieftain 
 2 War Stomp
 3 Endurance Aura
 
                » actions 
                
                | Assign group hotkey | 28 |  | 
| Basic commands | 99 |  | 
| Build / train | 65 |  | 
| Enter build submenu | 23 |  | 
| Enter hero's abilities submenu | 12 |  | 
| Give item / drop item | 5 |  | 
| Right click | 1991 |  | 
| Select / deselect | 417 |  | 
| Select group hotkey | 1201 |  | 
| Use ability | 152 |  | 
                3994 total
 » units 
                
                | Peon | 12 |  | 
| Grunt | 8 |  | 
| Raider | 5 |  | 
| Spirit Walker | 2 |  | 
                27 total
 » upgrades
                
                | Berserker Strength | 1 |  | 
| Ensnare | 1 |  | 
| Spirit Walker Training | 2 |  | 
| Pillage | 1 |  | 
                5 total
 » buildings
                
                | Altar of Storms | 2 |  | 
| Orc Burrow | 8 |  | 
| Barracks | 1 |  | 
| Voodoo Lounge | 2 |  | 
| Stronghold | 2 |  | 
| Beastiary | 2 |  | 
| Spirit Lodge | 2 |  | 
| Fortress | 1 |  | 
| Great Hall | 3 |  | 
                23 total
 » build order
                00:08 Altar of Storms
00:25 Orc Burrow
00:50 Barracks
01:36 Orc Burrow
01:38 Orc Burrow
02:48 Voodoo Lounge
03:06 Stronghold
03:18 Orc Burrow
05:37 Beastiary
06:45 Orc Burrow
10:08 Spirit Lodge
10:28 Fortress
12:32 Orc Burrow
14:41 Beastiary
14:49 Spirit Lodge
15:53 Orc Burrow
17:55 Orc Burrow
19:01 Great Hall
20:23 Altar of Storms
23:00 Voodoo Lounge
29:20 Great Hall
34:18 Great Hall
36:27 Stronghold
» items
                
                | Healing Salve | 3 |  | 
| Scroll of Town Portal | 6 |  | 
| Lesser Clarity Potion | 1 |  | 
| Scroll of Regeneration | 1 |  | 
| Scroll of Healing | 1 |  | 
| Boots of Speed | 2 |  | 
| Staff of Teleportation | 1 |  | 
                15 total
  
               team 2 (loser) 
              
              
hobenasty (
teal | 47 APM | 1852 actions | 39:18)
              
 6 Keeper of the Grove 
 2 Entangling Roots
 1 Force of Nature
 2 Thorns Aura
 1 Tranquility
 6 Priestess of the Moon 
 3 Trueshot Aura
 2 Searing Arrows
 1 Starfall
 
                » actions 
                
                | Assign group hotkey | 23 |  | 
| Basic commands | 236 |  | 
| Build / train | 90 |  | 
| Enter build submenu | 22 |  | 
| Enter hero's abilities submenu | 12 |  | 
| Remove unit from queue | 2 |  | 
| Right click | 925 |  | 
| Select / deselect | 432 |  | 
| Select group hotkey | 26 |  | 
| Use ability | 84 |  | 
                1852 total
 » units 
                
                | Wisp | 16 |  | 
| Archer | 6 |  | 
| Huntress | 6 |  | 
| Glaive Thrower | 4 |  | 
| Dryad | 11 |  | 
| Druid of the Claw | 9 |  | 
| Hippogryph | 5 |  | 
                57 total
 » upgrades
                
                | Strength of the Moon | 2 |  | 
| Ultravision | 1 |  | 
| Strength of the Wild | 3 |  | 
| Druid of the Claw Training | 2 |  | 
| Abolish Magic | 0 |  | 
| Well Spring | 1 |  | 
| Reinforced Hides | 2 |  | 
| Mark of the Claw | 1 |  | 
| Vorpal Blades | 1 |  | 
| Hippogryph Taming | 1 |  | 
                14 total
 » buildings
                
                | Altar of Elders | 1 |  | 
| Moon Well | 6 |  | 
| Ancient of War | 1 |  | 
| Hunter's Hall | 1 |  | 
| Tree of Ages | 1 |  | 
| Ancient of Lore | 2 |  | 
| Tree of Eternity | 1 |  | 
| Ancient Protector | 6 |  | 
| Ancient of Wind | 1 |  | 
| Tree of Life | 1 |  | 
                21 total
 » build order
                00:05 Altar of Elders
00:20 Moon Well
00:42 Ancient of War
01:34 Moon Well
02:31 Moon Well
02:41 Hunter's Hall
04:09 Moon Well
05:34 Tree of Ages
07:10 Moon Well
08:15 Ancient of Lore
08:18 Ancient of Lore
08:34 Tree of Eternity
14:29 Moon Well
16:27 Ancient Protector
16:31 Ancient Protector
16:35 Ancient Protector
16:58 Ancient Protector
17:51 Ancient Protector
18:24 Ancient Protector
22:25 Ancient of Wind
28:36 Tree of Life
 
               
              
              
sasquatch1 (
blue | 35 APM | 1289 actions | 37:13)
              
 4 Mountain King 
 2 Storm Bolt
 2 Bash
 2 Blood Mage 
 1 Flame Strike
 1 Siphon Mana
 1 Keeper of the Grove 
 1 Tranquility
 
                » actions 
                
                | Assign group hotkey | 33 |  | 
| Basic commands | 100 |  | 
| Build / train | 53 |  | 
| Enter build submenu | 18 |  | 
| Enter hero's abilities submenu | 9 |  | 
| Right click | 664 |  | 
| Select / deselect | 335 |  | 
| Select group hotkey | 24 |  | 
| Use ability | 49 |  | 
                1289 total
 » units 
                
                | Peasant | 8 |  | 
| Footman | 10 |  | 
| Priest | 2 |  | 
| Spell Breaker | 4 |  | 
| Sorceress | 8 |  | 
| Rifleman | 1 |  | 
| Knight | 4 |  | 
                37 total
 » upgrades
                
                | Sorceress Training | 2 |  | 
| Masonry | 1 |  | 
                3 total
 » buildings
                
                | Altar of Kings | 1 |  | 
| Barracks | 1 |  | 
| Farm | 10 |  | 
| Keep | 1 |  | 
| Arcane Vault | 1 |  | 
| Arcane Sanctum | 2 |  | 
| Blacksmith | 1 |  | 
| Castle | 1 |  | 
| Lumber Mill | 1 |  | 
                19 total
 » build order
                00:13 Altar of Kings
00:16 Barracks
00:20 Farm
00:51 Farm
01:41 Farm
02:21 Farm
03:17 Keep
03:40 Arcane Vault
05:11 Farm
05:50 Arcane Sanctum
06:42 Blacksmith
08:15 Arcane Sanctum
08:17 Castle
09:03 Farm
10:20 Farm
10:46 Lumber Mill
12:16 Farm
14:39 Farm
15:48 Farm
» items
                
                | Scroll of Regeneration | 1 |  | 
| Potion of Healing | 1 |  | 
                2 total
  
               
              
              
shermy (
orange | 48 APM | 1825 actions | 37:42)
              
 6 Blademaster 
 3 Wind Walk
 2 Critical Strike
 1 Bladestorm
 
                » actions 
                
                | Basic commands | 181 |  | 
| Build / train | 98 |  | 
| Enter build submenu | 18 |  | 
| Enter hero's abilities submenu | 6 |  | 
| Remove unit from queue | 4 |  | 
| Right click | 847 |  | 
| Select / deselect | 619 |  | 
| Use ability | 48 |  | 
                1825 total
 » units 
                
                | Peon | 14 |  | 
| Grunt | 28 |  | 
| Shaman | 10 |  | 
| Troll Witch Doctor | 4 |  | 
| Tauren | 7 |  | 
| Demolisher | 2 |  | 
| Troll Headhunter/Berserker | 2 |  | 
                67 total
 » upgrades
                
                | Shaman Training | 2 |  | 
| Berserker Strength | 1 |  | 
| Witch Doctor Training | 2 |  | 
| Armor | 1 |  | 
| Melee Weapons | 2 |  | 
| Pulverize | 1 |  | 
| Burning Oil | 1 |  | 
                10 total
 » buildings
                
                | Orc Burrow | 8 |  | 
| Altar of Storms | 1 |  | 
| Barracks | 1 |  | 
| Voodoo Lounge | 1 |  | 
| Stronghold | 2 |  | 
| Spirit Lodge | 1 |  | 
| Fortress | 2 |  | 
| Great Hall | 3 |  | 
| War Mill | 1 |  | 
| Tauren Totem | 1 |  | 
                21 total
 » build order
                00:09 Orc Burrow
00:12 Altar of Storms
00:47 Barracks
01:22 Orc Burrow
02:25 Voodoo Lounge
02:54 Orc Burrow
05:00 Orc Burrow
06:09 Stronghold
07:22 Orc Burrow
08:32 Spirit Lodge
08:58 Fortress
09:58 Orc Burrow
11:18 Great Hall
11:31 War Mill
12:33 Orc Burrow
13:29 Great Hall
16:46 Stronghold
20:25 Fortress
23:11 Tauren Totem
23:52 Great Hall
28:45 Orc Burrow
» items
                
                | Healing Salve | 1 |  | 
| Lesser Clarity Potion | 1 |  | 
| Scroll of Speed | 1 |  | 
| Boots of Speed | 1 |  | 
| Claws of Attack +6 | 1 |  | 
                5 total
  
                Chat log
          
(03:07 / All) hobenasty: meeet
(03:19 / All) Iceberg-Slim: ok
(13:09 / All) shermy: GAY
(13:17 / All) shermy: U FUCKER
(19:33 / All) shermy: BA
(30:00 / All) hobenasty: noooo
(31:20 / Allies) timg4strOK: GOLD4BOOTS
(32:26 / All) shermy: U GUYS R BITCHES
(32:30 / All) shermy: STOP TOWERING
(32:32 / All) Iceberg-Slim: Manner please
(32:47 / All) shermy: FUCK U GREEN
(32:51 / All) Iceberg-Slim: Manner Up
(33:49 / All) iggy_the_fisk: wow you guys noobs?
(34:01 / All) shermy: IM JUST SICK OF U FAG
(34:57 / All) Iceberg-Slim: GG?
(34:58 / All) iggy_the_fisk: wowie wow
(35:30 / All) iggy_the_fisk: Wow teal u noob?
(35:40 / All) hobenasty: sjhut faggoit
(35:51 / All) hobenasty: how am i noob
(35:57 / All) iggy_the_fisk: lost to towers
(35:58 / All) iggy_the_fisk: pÄretty noob
(36:19 / All) hobenasty: u had air diumb ass w elost to that
(36:41 / All) shermy: AIR ONLY PART THAT HELPED
(36:47 / All) shermy: AND our impatient asses
(36:48 / All) iggy_the_fisk: also u being shitnoobs
(36:51 / All) iggy_the_fisk: helped a lot thanks
(36:53 / All) hobenasty: any noob can tower up and go air
(36:54 / All) shermy: TO UR TOWERING BITCH ASSES
(36:55 / All) Iceberg-Slim: GG
(36:56 / All) Iceberg-Slim: Bow
(36:59 / All) shermy: NOOBS
(37:04 / All) Iceberg-Slim: bow...
(37:04 / All) shermy: HEY TOWER MORE FAG
(37:09 / All) iggy_the_fisk: OK
(37:12 / Allies) iggy_the_fisk: it beats retard noobs
(37:17 / All) iggy_the_fisk: it beats retard noobs
(37:18 / All) Iceberg-Slim: Bow...
(37:19 / All) shermy: go play Tower wars or sumthing u fucking fag
(37:19 / All) hobenasty: any one can tower fag
(37:22 / All) Iceberg-Slim: Bow....
(37:25 / All) iggy_the_fisk: not anyone can lose to it
(37:26 / All) iggy_the_fisk: but you can
(37:28 / All) iggy_the_fisk: congraterlations
(37:36 / All) hobenasty: we dont lose to towers retard
(37:36 / All) shermy: BLOW ME FREAK
(37:39 / All) hobenasty: we lost to your air
(37:45 / All) hobenasty: god u are dumb
(37:46 / All) Iceberg-Slim: Bow
(37:52 / All) hobenasty: what are u a dog green
(38:05 / All) hobenasty: ytellow is the only good one on your team
(38:13 / All) timg4strOK: lolfs
(38:15 / All) hobenasty: we raped pink and you u suck
(38:18 / All) Iceberg-Slim: Bow
(38:33 / All) timg4strOK: remember when i owned blues base and oranges base LOL
(38:35 / All) hobenasty: what are u a fucking dog?
(38:44 / All) Iceberg-Slim: Bow
(38:50 / All) hobenasty: oh ya as we were crushing u i do remember that
(38:55 / All) Iceberg-Slim: bow